 Dungeon Crawl Stone Soup version 0.24-a0-616-ge2a249a (webtiles) character file.

Game seed: 4871823399672468900, levelgen mode: deterministic

888 BoppinsLewinski the Chopper (level 7, 0/91 HPs)
             Began as a Centaur Fighter on Sept 15, 2019.
             Was a Follower of Yredelemnul.
             Slain by a centaur (3 damage)
             ... on level 5 of the Dungeon.
             The game lasted 00:13:12 (4820 turns).

BoppinsLewinski the Chopper (Centaur Fighter)       Turns: 4820, Time: 00:13:12

Health: 0/91       AC: 23    Str: 21    XL:     7   Next: 77%
Magic:  8/8        EV:  1    Int:  7    God:    Yredelemnul [*.....]
Gold:   173        SH:  0    Dex:  8    Spells: 6/6 levels left

rFire    . . .     SeeInvis .   a - +0 war axe
rCold    . . .     Gourm    .   (no shield)
rNeg     + + +     Faith    .   (armour currently unavailable)
rPois    +         Spirit   .   (helmet currently unavailable)
rElec    .         Reflect  .   (cloak currently unavailable)
rCorr    .         Harm     .   (gloves currently unavailable)
MR       .....     NoTele   +   (no barding)
Stlth    +.........             (no amulet)
HPRegen  0.25/turn              (no ring)
MPRegen  0.11/turn              (no ring)

@: tree-form
A: large, deterioration 1
a: Animate Remains, Renounce Religion


You were on level 5 of the Dungeon.
You worshipped Yredelemnul.
Yredelemnul was aware of your devotion.
You were not hungry.
You were a tree.
You visited 1 branch of the dungeon, and saw 5 of its levels.

You collected 173 gold pieces.

Inventory:

Hand Weapons
 a - a +0 war axe (weapon)
 g - a +3 spear
Armour
 p - a +0 helmet (melded)
 s - a +0 chain mail (melded)
Wands
 q - a wand of paralysis (4)
Scrolls
 d - a scroll of magic mapping {unknown}
 e - 7 scrolls of teleportation {unknown}
 h - a scroll of enchant weapon {unknown}
 i - 7 scrolls of identify {unknown}
 j - 2 scrolls of remove curse {unknown}
 m - 2 scrolls of enchant armour {unknown}
 o - 2 scrolls of blinking {unknown}
Potions
 b - a potion of cancellation
 l - 2 potions of lignification
Comestibles
 f - 10 rations


   Skills:
 + Level 5.1 Fighting
 * Level 5.3(5.5) Axes
 - Level 1.4(3.7) Polearms
 + Level 2.6 Armour
 + Level 2.9 Dodging
   Level 2.1 Shields
 + Level 1.8 Invocations


You had 6 spell levels left.
You didn't know any spells.
Your spell library contained the following spells:

 Spells                   Type           Power        Failure   Level  Hunger
 Corona                   Hex            #......      43%         1    ##.....
 Ensorcelled Hibernation  Hex/Ice        #.....       56%         2    ###....
 Confuse                  Hex            #.......     80%         3    ####...
 Dazzling Spray           Conj/Hex       #.....       80%         3    ####...
 Tukima's Dance           Hex            #.......     80%         3    ####...


Dungeon Overview and Level Annotations

Branches:
Dungeon (5/15)
 Temple: D:4-7

Altars:
Fedhas
Kikubaaqudgha
Sif Muna
Trog
Vehumet
Wu Jian
Xom
Yredelemnul
The Shining One

Shops:
D:5 (


Innate Abilities, Weirdness & Mutations

((You have hooves in place of feet.))
((Armour fits poorly on your strangely shaped body.))
((You cover ground very quickly.))
((You have extremely tough skin. (AC +3)))
Your body sometimes deteriorates upon taking damage.
((Your system is resistant to poisons. (rPois)))


Message History

Unknown command.
Unknown command.
Ye barely miss tha sky beast.
Tha sky beast be almost dead.
Ye barely miss tha centaur.
Tha centaur completely misses ye.
Tha sky beast flickers outta sight!
Deactivatin' autopickup; reactivate wit' Ctrl-A.
Somethin' hits ye but does nay damage.
Tha centaur completely misses ye.
Unknown command.
Ye closely miss tha centaur.
Tha centaur be severely wounded.
Ye completely miss somethin'.
Tha centaur hits ye but does nay damage.
Somethin' hits ye but does nay damage.
Tha centaur hits ye but does nay damage.
Ye hit tha centaur but do nay damage.
Tha centaur be severely wounded.
Ye miss somethin'.
Somethin' hits ye but does nay damage.
Tha centaur hits ye.
Ye die...
Yer body rises from tha dead as a mindless zombie.

#....# #....#
#....#
######....####
#[...........##
#.............#
..
#...(.........#
...
##......{♣)....#
..#
#......###c......
..+ #......#
....#.. ..#
#......# ....+
..# ##......#
#####
..#####.......#
..'...'.......#
..#...#.......#
..#...#.......+


You could see a centaur.

Vanquished Creatures
  Sigmund (D:3)
  A phantom (D:4)
  A scorpion (D:4)
  A crimson imp (D:4)
  An orc priest (D:5)
  2 hounds (D:4)
  2 orc wizards (D:3)
  Terence (D:3)
  4 worker ants
  6 adders
  8 gnolls
  A shadow imp (D:5)
  2 oozes
  4 worms
  3 dart slugs
  7 leopard geckos
  26 orcs
  2 ball pythons
  3 giant cockroaches
  8 goblins
  8 hobgoblins
  6 jackals
  A quokka (D:4)
  11 bats
  5 frilled lizards
  6 kobolds
  A leopard gecko skeleton (D:4)
  A quokka skeleton (D:4)
  10 rats
133 creatures vanquished.

Notes
Turn   | Place    | Note
-------+----------+-------------------------------------------
     0 | D:1      | BoppinsLewinski the Centaur Fighter began the quest for the
                  | Orb.
     0 | D:1      | Reached XP level 1. HP: 19/19 MP: 1/1
   170 | D:1      | Reached XP level 2. HP: 24/26 MP: 2/2
   487 | D:1      | Reached XP level 3. HP: 3/31 MP: 3/3
  1333 | D:2      | Reached skill level 1 in Dodging
  1907 | D:3      | Reached XP level 4. HP: 22/38 MP: 4/4
  2315 | D:3      | Reached XP level 5. HP: 44/46 MP: 5/5
  2472 | D:3      | Found a shimmering altar of Xom.
  2472 | D:3      | Noticed Terence
  2479 | D:3      | Killed Terence
  2482 | D:3      | Gained mutation: Your body sometimes deteriorates upon
                  | taking damage. [potion of mutation]
  2482 | D:3      | Gained mutation: Your spells are a little easier to cast,
                  | but a little less powerful. [potion of mutation]
  2482 | D:3      | Gained mutation: Your system is resistant to poisons.
                  | (rPois) [potion of mutation]
  2482 | D:3      | Lost mutation: Your spells are a little easier to cast, but
                  | a little less powerful. [potion of mutation]
  2485 | D:3      | Found a shimmering blue altar of Sif Muna.
  2485 | D:3      | Found a basalt altar of Yredelemnul.
  2500 | D:3      | Found a glowing golden altar of the Shining One.
  2500 | D:3      | Found a blossoming altar of Fedhas.
  2500 | D:3      | Found a radiant altar of Vehumet.
  2500 | D:3      | Found an ornate altar of the Wu Jian Council.
  3199 | D:3      | Noticed Sigmund
  3222 | D:3      | Killed Sigmund
  3222 | D:3      | Reached XP level 6. HP: 47/53 MP: 6/6
  3310 | D:3      | Found an ancient bone altar of Kikubaaqudgha.
  3438 | D:3      | Found a bloodstained altar of Trog.
  3546 | D:3      | Became a worshipper of Yredelemnul the Dark
  3850 | D:4      | Reached skill level 5 in Axes
  3902 | D:4      | Reached XP level 7. HP: 43/60 MP: 7/7
  4293 | D:4      | Reached skill level 1 in Invocations
  4416 | D:4      | Reached skill level 5 in Fighting
  4416 | D:4      | Reached skill level 1 in Polearms
  4484 | D:5      | Entered Level 5 of the Dungeon
  4516 | D:5      | Found Boemm's Weapon Boutique.
  4599 | D:5      | Reached * piety under Yredelemnul
  4809 | D:5      | HP: 1/61 [something (5)]
  4815 | D:5      | HP: 2/61 [centaur (2)]
  4820 | D:5      | Slain by a centaur

Levels and vault maps discovered:
D:1:      dpeg_arrival_brainrot, layout_basic
D:2:      layout_rooms
D:3:      layout_basic, lightli_temple_of_fire, kiku_gazebo_pond_becter,
          grunt_temple_overflow_open, uniq_terence, uniq_sigmund
D:4:      layout_basic, first_ration, kennysheep_generic_room_5
D:5:      layout_gridville, minmay_temple_entry_water_ring, serial_shops, shop,
          sigmund_army, uniq_ijyb

Skill      XL: |  1  2  3  4  5  6  7 |
---------------+----------------------+-----
Axes           | 2 3 4 5 |  5.3
Dodging        | 1 2 |  2.9
Fighting       | 4 5 |  5.1
Invocations    | 1 |  1.8
Polearms       | 1 |  1.4
Armour         | |  2.6
Shields        | |  2.1

Action                   |  1- 3 |  4- 6 |  7- 9 || total
-------------------------+-------+-------+-------++-------
Melee: War axe           |   104 |   165 |    57 ||   326
       Kick              |    14 |    35 |    24 ||    73
       Spear             |       |       |    45 ||    45
  Use: Potion            |     1 |     8 |     6 ||    15
 Stab: Invisible         |       |     1 |       ||     1
  Eat: Chunk             |     2 |     3 |     2 ||     7
       Ration            |       |     1 |       ||     1
Armor: Scale mail        |    46 |       |       ||    46
       Chain mail        |    14 |   120 |    69 ||   203
       Skin              |       |       |     7 ||     7
Dodge: Dodged            |    36 |    54 |    36 ||   126

Table legend:
 A = Non-vault XP
 B = Vault XP
 C = Vault XP percentage of total XP
 D = Non-vault monster count
 E = Vault monster count
 F = Vault count percentage of total count
                 A         B        C        D         E       F
            +---------+---------+-------+---------+---------+-------
      Total |     935 |     334 |  26.3 |     128 |       5 |   3.8
            +---------+---------+-------+---------+---------+-------
        D:1 |      41 |       6 |  12.8 |      24 |       1 |   4.0
        D:2 |      39 |       0 |   0.0 |      19 |       0 |   0.0
        D:3 |     279 |     263 |  48.5 |      45 |       2 |   4.3
        D:4 |     380 |      63 |  14.2 |      20 |       1 |   4.8
        D:5 |     196 |       2 |   1.0 |      20 |       1 |   4.8
            +---------+---------+-------+---------+---------+-------
